 Dungeon Crawl Stone Soup version 0.30.1-3-gfc49f6343a (webtiles) character file.

Game seed: 12532864865481587065

16135 Cheops the Grappler (level 12, -1/122 HPs)
             Began as a Troll Fighter on July 21, 2023.
             Was an Elder of Wu Jian.
             Slain by a vampire mosquito (7 damage)
             ... on level 9 of the Dungeon.
             The game lasted 00:18:49 (7323 turns).

Cheops the Grappler (Troll Fighter)                 Turns: 7323, Time: 00:18:49

Health: -1/122     AC:  7    Str: 39    XL:     12   Next: 7%
Magic:  11/11      EV:  9    Int:  5    God:    Wu Jian [****..]
Gold:   718        SH: 16    Dex: 12    Spells: 11/11 levels left

rFire   . . .        b - +10 dagger of Patterns {venom, rN++ Int-3 Dex+3}
rCold   . . .        H - +0 kite shield
rNeg    + + .        P - +0 troll leather armour
rPois   .            (helmet restricted)
rElec   .            v - +0 cloak
rCorr   .            (gloves unavailable)
SInv    .            (boots unavailable)
Will    .....        u - amulet of reflection
Stlth   +            i - +6 ring of strength
HPRegen 2.00/turn    y - +6 ring of strength
MPRegen 0.12/turn

%: reflection
@: no status effects
A: large, unfitting armour, claws 3, regeneration 1, shaggy fur 1, tough skin 1
a: Renounce Religion, Wall Jump, Serpent's Lash


You were on level 9 of the Dungeon.
You worshipped Wu Jian.
Wu Jian was greatly pleased with you.
You visited 2 branches of the dungeon, and saw 11 of its levels.

You collected 718 gold pieces.

Inventory:

Hand Weapons
 b - the +10 dagger of Patterns (weapon) {venom, rN++ Int-3 Dex+3}
   (You found it on level 5 of the Dungeon)

   Int:       It affects your intelligence (-3).
   Dex:       It affects your dexterity (+3).
   rN:        It greatly protects you from negative energy.
Armour
 a - a +0 robe
 v - a +0 cloak (worn)
 B - the -2 cloak of the Forest {Rampage rC- rCorr Dex+9}
   (You found it on level 3 of the Dungeon)

   Dex:       It affects your dexterity (+9).
   rC:        It makes you vulnerable to cold.
   rCorr:     It protects you from acid and corrosion.
   Rampage:   It bestows one free step when moving towards enemies.
 H - a +0 kite shield (worn)
 M - +0 steam dragon scales
 P - a +0 troll leather armour (worn)
Jewellery
 e - a ring of ice
 i - a +6 ring of strength (left claw)
 n - a +6 ring of intelligence
 u - an amulet of reflection (around neck)
 y - a +6 ring of strength (right claw)
 F - a ring of protection from fire
 O - a ring of resist corrosion
Wands
 J - a wand of mindburst (9)
Scrolls
 d - 4 scrolls of fog
 f - 2 scrolls of poison {unknown}
 h - a scroll of magic mapping {unknown}
 j - 4 scrolls of teleportation
 k - 2 scrolls of blinking
 l - 3 scrolls of vulnerability
 p - a scroll of immolation {unknown}
 w - a scroll of enchant weapon {unknown}
 x - 2 scrolls of fear
 A - a scroll of torment
 E - a scroll of brand weapon
 G - 2 scrolls of amnesia
 I - a scroll of noise {unknown}
 K - 2 scrolls of enchant armour {unknown}
 N - a scroll of silence
 Q - a scroll of identify
Potions
 c - 2 potions of might
 g - 2 potions of invisibility {unknown}
 m - 5 potions of lignification {unknown}
 o - 2 potions of curing {unknown}
 q - 4 potions of heal wounds
 r - 4 potions of degeneration {unknown}
 s - a potion of cancellation {unknown}
 t - a potion of attraction {unknown}
 z - 3 potions of haste {unknown}
 C - a potion of resistance
 D - 2 potions of brilliance {unknown}
 L - 2 potions of mutation {unknown}


   Skills:
 + Level 8.8 Fighting
 - Level 2.4 Dodging
 + Level 9.6 Shields
 * Level 14.1 Unarmed Combat


You had 11 spell levels left.
You didn't know any spells.
Your spell library contained the following spells:

 Spells                   Type           Power      Damage    Failure   Level
 Magic Dart               Conj           0%         1d3       63%         1
 Call Imp                 Summ           0%         N/A       77%         2
 Ensorcelled Hibernation  Hex/Ice        0%         N/A       77%         2
 Inner Flame              Hex/Fire       0%         N/A       94%         3
 Mephitic Cloud           Conj/Pois/Air  0%         N/A       94%         3
 Spider Form              Tmut/Pois      0%         N/A       94%         3
 Anguish                  Hex/Necr       0%         N/A       100%        4
 Flame Wave               Conj/Fire      0%         2d4       100%        4
 Sticky Flame             Conj/Fire      0%         2d3       100%        4


Dungeon Overview and Level Annotations

Branches:
Dungeon (10/15)            Temple (1/1) D:5             Orc (0/2) D:9
   Lair: D:8-11

Altars:
Ashenzari
Cheibriados
Dithmenos
Elyvilon
Fedhas
Gozag
Hepliaklqana
Kikubaaqudgha
Makhleb
Nemelex Xobeh
Okawaru
Qazlal
Ru
Sif Muna
Trog
Uskayaw
Vehumet
Wu Jian
Xom
Yredelemnul
Zin
The Shining One

Shops:
D:9 ([


Innate Abilities, Weirdness & Mutations

You are too large for most types of armour.
You have claws for hands.
Your natural rate of healing is unusually fast.
You are covered in fur. (AC +1)
You have tough skin. (AC +1)


Message History

You block the seven-headed hydra's attack.
The seven-headed hydra bites you!
* * * LOW HITPOINT WARNING * * *
You puncture the seven-headed hydra!
The seven-headed hydra is severely wounded.
You block the vampire mosquito's attack. x2
You block the seven-headed hydra's attack.
The seven-headed hydra bites you.
* * * LOW HITPOINT WARNING * * *
The seven-headed hydra closely misses you.
You block the seven-headed hydra's attack.
The seven-headed hydra bites you.
* * * LOW HITPOINT WARNING * * *
The seven-headed hydra bites you!
* * * LOW HITPOINT WARNING * * *
The seven-headed hydra bites you!
* * * LOW HITPOINT WARNING * * *
You hit the seven-headed hydra.
The seven-headed hydra is poisoned.
The seven-headed hydra is severely wounded.
You block the vampire mosquito's attack.
The vampire mosquito completely misses you.
You block the seven-headed hydra's attack.
The seven-headed hydra bites you!
* * * LOW HITPOINT WARNING * * *
The seven-headed hydra bites you!
* * * LOW HITPOINT WARNING * * *
You block the seven-headed hydra's attack.
The seven-headed hydra bites you.
* * * LOW HITPOINT WARNING * * *
The seven-headed hydra bites you!
* * * LOW HITPOINT WARNING * * *
The seven-headed hydra bites you.
* * * LOW HITPOINT WARNING * * *
The vampire mosquito bites you!
* * * LOW HITPOINT WARNING * * *
The vampire mosquito draws strength from your injuries!
You puncture the seven-headed hydra!
The seven-headed hydra is almost dead.
The vampire mosquito bites you!
You die...

#.......#..###'#####≈.≈#...#...
#.......#...##....<.≈≈≈....#.##
#.......#...##.............#.#
#.......#...##.............#.#
#.......#...##.............#.##
#.......####################...
#......................# ####
#.......#..........###.#
#.......#.....@D...###.#
#.............y........#
#................~.....#####
#........####'##.~.........# #
#.######.#........~~.......# #
#.######.#.......~.~.....### #
#........#........~~....## #
#........#.............## #####
#........#............## #[..)


You could see a seven-headed hydra (very poisoned) and a vampire mosquito.

Vanquished Creatures
  3 centaur warriors (D:9)
  2 two-headed ogres (D:10)
  A tengu warrior (D:10)
  Pikel (D:4)
  A wizard (D:9)
  A deep elf pyromancer (D:9)
  An orc knight (D:10)
  4 cyclopes (D:9)
  2 manticores
  Joseph (D:7)
  Psyche (D:8)
  A troll (D:8)
  2 hornets (D:9)
  Prince Ribbit (D:8)
  13 yaks
  2 humans (D:9)
  An unseen horror simulacrum (D:9)
  6 wyverns
  2 vampire mosquitoes (D:9)
  3 steam dragons
  Edmund (D:6)
  Duvessa (D:7)
  An ice beast (D:6)
  3 orc warriors
  2 sky beasts (D:6)
  A black bear (D:4)
  2 centaurs
  3 kobold brigands
  2 lemures (D:5)
  Blork the orc (D:5)
  2 bullfrogs (D:9)
  4 scorpions
  10 wights
  Dowan (D:7)
  3 killer bees (D:7)
  2 electric eels (D:8)
  2 howler monkeys (D:9)
  4 hounds
  7 orc priests
  Crazy Yiuf (D:2)
  A gnoll bouda (D:8)
  2 jellies (D:5)
  2 sleepcaps
  2 iguanas (D:6)
  9 orc wizards
  10 adders
  4 gnolls (D:8)
  4 shadow imps
  A white imp (D:7)
  2 ufetubi
  3 worms
  2 dart slugs
  34 orcs
  10 ball pythons
  2 bats
  3 endoplasms
  3 giant cockroaches
  4 goblins
  7 hobgoblins
  7 quokkas
  2 frilled lizards
  13 kobolds
  5 rats
234 creatures vanquished.

Notes
Turn   | Place    | Note
-------+----------+-------------------------------------------
     0 | D:1      | Cheops the Troll Fighter began the quest for the Orb.
     0 | D:1      | Reached XP level 1. HP: 22/22 MP: 0/0
   111 | D:1      | Reached XP level 2. HP: 26/29 MP: 1/1
   569 | D:2      | Reached XP level 3. HP: 36/36 MP: 2/2
   663 | D:2      | Reached skill level 3 in Unarmed Combat
   868 | D:2      | Reached XP level 4. HP: 44/44 MP: 3/3
  1204 | D:2      | Found a runed translucent door.
  1205 | D:2      | Noticed Crazy Yiuf
  1453 | D:2      | Killed Crazy Yiuf
  1884 | D:3      | Identified the -2 cloak of the Forest {Rampage rC- rCorr
                  | Dex+9}
  2451 | D:4      | Reached XP level 5. HP: 49/53 MP: 4/4
  2458 | D:3      | Reached skill level 4 in Unarmed Combat
  2649 | D:4      | Noticed a black bear
  2657 | D:4      | Killed a black bear
  2658 | D:4      | Reached XP level 6. HP: 56/61 MP: 5/5
  2752 | D:4      | Reached skill level 5 in Unarmed Combat
  2920 | D:5      | Entered Level 5 of the Dungeon
  2942 | D:5      | Noticed Pikel
  2956 | D:4      | Killed Pikel
  2957 | D:4      | Reached skill level 6 in Unarmed Combat
  2957 | D:4      | Reached XP level 7. HP: 40/71 MP: 6/6
  3034 | D:5      | Found a staircase to the Ecumenical Temple.
  3054 | Temple   | Entered the Ecumenical Temple
  3198 | Temple   | Became a worshipper of the Wu Jian Council
  3238 | D:5      | Noticed Blork the orc
  3243 | D:5      | Reached skill level 5 in Shields
  3243 | D:5      | Reached XP level 8. HP: 79/79 MP: 7/7
  3248 | D:5      | Killed Blork the orc
  3249 | D:5      | Reached skill level 7 in Unarmed Combat
  3322 | D:5      | Identified the +10 dagger of Patterns {venom, rN++ Int-3
                  | Dex+3}
  3464 | D:5      | Found a glowing silver altar of Zin.
  3763 | D:6      | Noticed Edmund
  3773 | D:6      | Killed Edmund
  3810 | D:6      | Reached skill level 5 in Fighting
  3878 | D:6      | Reached * piety under Wu Jian
  3882 | D:6      | Reached skill level 8 in Unarmed Combat
  4095 | D:6      | Reached XP level 9. HP: 83/88 MP: 8/8
  4232 | D:6      | Reached skill level 9 in Unarmed Combat
  4539 | D:7      | Reached ** piety under Wu Jian
  4757 | D:7      | Found a snail-covered altar of Cheibriados.
  4882 | D:7      | Noticed Dowan
  4884 | D:7      | Noticed Duvessa
  4889 | D:7      | Killed Duvessa
  4901 | D:7      | Killed Dowan
  5020 | D:7      | Noticed Joseph
  5040 | D:7      | Killed Joseph
  5041 | D:7      | Reached skill level 10 in Unarmed Combat
  5251 | D:8      | Noticed Prince Ribbit
  5260 | D:8      | Killed Prince Ribbit
  5315 | D:8      | Found a broken altar of Ashenzari.
  5354 | D:8      | Reached XP level 10. HP: 100/100 MP: 9/9
  5372 | D:8      | Noticed Psyche
  5385 | D:8      | Killed Psyche
  5519 | D:8      | Found a hazy altar of Hepliaklqana.
  5545 | D:8      | Noticed a manticore
  5548 | D:8      | Killed a manticore
  5935 | D:8      | Reached skill level 11 in Unarmed Combat
  6153 | D:9      | Found a burning altar of Makhleb.
  6276 | D:9      | Found an iron altar of Okawaru.
  6283 | D:9      | Reached *** piety under Wu Jian
  6338 | D:9      | Found an opulent altar of Gozag.
  6550 | D:9      | Noticed a cyclops
  6554 | D:9      | Killed a cyclops
  6555 | D:9      | Reached skill level 12 in Unarmed Combat
  6591 | D:9      | Noticed a cyclops
  6593 | D:9      | Noticed a cyclops
  6604 | D:9      | Killed a cyclops
  6604 | D:9      | Noticed a deep elf pyromancer
  6605 | D:9      | Reached XP level 11. HP: 100/109 MP: 10/10
  6608 | D:9      | Noticed a wizard
  6609 | D:9      | Noticed a centaur warrior
  6610 | D:9      | Killed a wizard
  6612 | D:9      | Killed a deep elf pyromancer
  6618 | D:9      | Killed a centaur warrior
  6620 | D:9      | Noticed a centaur warrior
  6624 | D:9      | Killed a centaur warrior
  6627 | D:9      | Noticed a centaur warrior
  6633 | D:9      | Killed a centaur warrior
  6634 | D:9      | Reached skill level 13 in Unarmed Combat
  6635 | D:9      | Reached **** piety under Wu Jian
  6780 | D:9      | Found Kasuudidad's Armour Shoppe.
  6780 | D:9      | Found a staircase to the Orcish Mines.
  6782 | D:9      | Found Vusch's Weapon Shoppe.
  6994 | D:10     | Entered Level 10 of the Dungeon
  6994 | D:10     | Noticed a two-headed ogre
  6998 | D:10     | Noticed a tengu warrior
  7002 | D:10     | Killed a two-headed ogre
  7084 | D:10     | Killed a tengu warrior
  7091 | D:10     | Noticed a five-headed hydra
  7210 | D:10     | Noticed an orc knight
  7225 | D:10     | Noticed a two-headed ogre
  7232 | D:10     | Killed an orc knight
  7234 | D:10     | Killed a two-headed ogre
  7264 | D:10     | Reached skill level 14 in Unarmed Combat
  7264 | D:10     | Reached XP level 12. HP: 112/122 MP: 11/11
  7322 | D:9      | HP: 4/122 [vampire mosquito (10)]
  7323 | D:9      | Slain by a vampire mosquito

Illustrated notes

Levels and vault maps discovered:
D:1:      scummos_arrival_checkerplants, layout_basic, minmay_misc_feat_x,
          minmay_tetromino_s2
D:2:      layout_basic, uniq_crazy_yiuf_cottage
D:3:      layout_loops_ring, chequers_big_river
D:4:      layout_rooms, kennysheep_generic_room_15
D:5:      layout_basic, zin_statuary, minmay_temple_entry_sparse_star,
          uniq_blork_the_orc, uniq_pikel
D:6:      layout_loops_ring, uniq_edmund
D:7:      layout_rooms, slow_altar_1, uniq_joseph, uniq_duvessa
D:8:      layout_basic, nicolae_hepliaklqana_hazy_memory,
          cheibrodos_ashenzari_chains, fungi_pond_lemuel, uniq_psyche,
          uniq_prince_ribbit1
D:9:      hangedman_cross_veins, layout_stronghold, nicolae_gozag_seed_capital,
          okawaru_humans, general_overflow_altar, orc_david_3, serial_rivers,
          chequers_serial_rivers_small_b, chequers_serial_rivers_micro_e,
          chequers_serial_rivers_micro_c, chequers_serial_rivers_micro_d,
          serial_bayou_pond_d
D:10:     minmay_cut_squares, layout_cave_pools, serial_rivers,
          chequers_serial_rivers_large_a, chequers_serial_rivers_small_3,
          chequers_serial_rivers_small_b, chequers_serial_rivers_marsh,
          chequers_serial_rivers_marsh, skrybe_limestone_x
Temple:   nicolae_temple_superstar

Skill      XL: |  1  2  3  4  5  6  7  8  9 10 11 |
---------------+----------------------------------+-----
Shields        | 3 4 5 6 7 8 9 |  9.6
Unarmed Combat | 3 4 6 8 10 12 14 | 14.1
Fighting       | 3 4 5 6 7 8 |  8.8
Dodging        | |  2.4

Action                     |  1- 3 |  4- 6 |  7- 9 | 10-12 || total
---------------------------+-------+-------+-------+-------++-------
  Melee: Unarmed           |    83 |    98 |   243 |   251 ||   675
         Dagger            |       |       |       |     3 ||     3
Ability: Lunge             |       |       |    25 |    19 ||    44
         Whirlwind         |       |       |     2 |    13 ||    15
  Evoke: Wand              |       |       |       |     1 ||     1
    Use: Scroll            |       |     1 |     7 |     1 ||     9
         Potion            |       |       |     1 |     1 ||     2
   Stab: Sleeping          |     1 |     1 |       |       ||     2
 Armour: Robe              |    23 |    10 |    35 |     2 ||    70
         Troll leather arm |       |       |       |    54 ||    54
  Dodge: Dodged            |    18 |    25 |    47 |    51 ||   141
  Block: Kite shield       |    26 |    60 |   102 |   148 ||   336
         Reflection        |       |     1 |     4 |     5 ||    10
